 Dungeon Crawl Stone Soup version 0.29.1-2-gbd0b4ee654 (webtiles) character file.

Game seed: 11033527839683281995

7 xian the Trooper (level 1, -2/18 HPs)
             Began as a Demonspawn Abyssal Knight on Nov 27, 2022.
             Was a Follower of Lugonu.
             Slain by a goblin
             ... wielding a +0 dagger
              (3 damage)
             ... on level 1 of the Dungeon.
             The game lasted 00:00:38 (330 turns).

xian the Trooper (Demonspawn Abyssal Knight)         Turns: 330, Time: 00:00:38

Health: -2/18      AC:  3    Str: 13    XL:     1   Next: 91%
Magic:  2/2        EV: 11    Int: 11    God:    Lugonu [*.....]
Gold:   10         SH:  0    Dex: 13    Spells: 0/0 levels left

rFire   . . .      SeeInvis .   a - +1 short sword
rCold   . . .      Faith    .   (no shield)
rNeg    . . .      Spirit   .   b - +0 leather armour
rPois   .          Reflect  .   (no helmet)
rElec   .          Harm     .   (no cloak)
rCorr   .          Rampage  .   (no gloves)
Will    .....                   (no boots)
Stlth   +.........              (no amulet)
HPRegen 0.06/turn               (no ring)
MPRegen 0.08/turn               (no ring)

@: no status effects
A: no striking features
a: Renounce Religion, Depart the Abyss


You were on level 1 of the Dungeon.
You worshipped Lugonu.
Lugonu was aware of your devotion.
You visited 1 branch of the dungeon, and saw 1 of its levels.
You visited the Abyss 1 time.

You collected 10 gold pieces.

Inventory:

Hand Weapons
 a - a +1 short sword (weapon)
Armour
 b - a +0 leather armour (worn)
Scrolls
 c - a scroll of torment {unknown}
 d - a scroll of enchant weapon {unknown}
 e - a scroll of fear {unknown}
Potions
 f - a potion of flight {unknown}


   Skills:
 + Level 3.2 Fighting
 + Level 2.0 Short Blades
 + Level 1.8 Armour
 + Level 0.9 Dodging
 + Level 2.6 Invocations


You couldn't memorise any spells.
You didn't know any spells.
Your spell library was empty.

Dungeon Overview and Level Annotations

Branches:
Dungeon (1/15)

Altars:


Message History

You barely miss the jackal.
The jackal is heavily wounded.
The jackal bites you but does no damage.
The goblin barely misses you. The jackal misses you.
You miss the jackal.
The jackal is heavily wounded.
The jackal bites you but does no damage.
The goblin hits you but does no damage.
You hit the jackal.
You kill the jackal!
Lugonu accepts your kill. The goblin closely misses you.
Your Short Blades skill increases to level 2!
You hit the hobgoblin.
The hobgoblin is almost dead.
The hobgoblin hits you.
* * * LOW HITPOINT WARNING * * *
The goblin barely misses you.
You hit the hobgoblin.
You kill the hobgoblin!
Lugonu accepts your kill. The goblin hits you with a +0 dagger.
* * * LOW HITPOINT WARNING * * *
The goblin attacks as you move away! The goblin hits you but does no damage.
Things that are here:
a jackal corpse; a jackal corpse The goblin attacks as you move away!
The goblin barely misses you. The goblin attacks as you move away!
The goblin misses you. The goblin attacks as you move away!
The goblin closely misses you.
Unknown command.
You hit the goblin.
The goblin is almost dead.
The goblin hits you but does no damage.
You closely miss the goblin.
The goblin is almost dead.
The goblin barely misses you.
You closely miss the goblin.
The goblin is severely wounded.
The goblin hits you with a +0 dagger.
You die...

................##.#.#.......
##........#...##...#.......
####............####........#
.....†.....###..............#
..########.####.####.#......#
.....#................†.....#
.....'...................##.#
.....#####.####.####.###.....
###### #..†..g@....... [...
#.####.###.#### ... #.#
#..... .. ### #####. . #.


You could see a goblin.

Vanquished Creatures
  A hobgoblin (D:1)
  3 jackals (D:1)
  A quokka (D:1)
  A rat (D:1)
6 creatures vanquished.

Notes
Turn   | Place    | Note
-------+----------+-------------------------------------------
     0 | Abyss:1  | xian the Demonspawn Abyssal Knight began the quest for the
                  | Orb.
     0 | Abyss:1  | Reached XP level 1. HP: 18/18 MP: 2/2
    25 | Abyss:1  | Noticed a wraith
    46 | Abyss:1  | Noticed a tentacled starspawn
    48 | D:1      | Escaped the Abyss
   330 | D:1      | Slain by a goblin

Illustrated notes

Levels and vault maps discovered:
D:1:      nzn_arrival_water_spiral, layout_basic,
          hellmonk_ecumenical_altar_run_dry

Skill      XL: |  1 |
---------------+----+-----
Short Blades   | 2 |  2.0
Fighting       | |  3.2
Armour         | |  1.8
Dodging        | |  0.9
Invocations    | |  2.6

Action                   || total
-------------------------++-------
Melee: Short sword       ||    29
Invok: Depart the Abyss  ||     1
Armor: Leather armour    ||    15
Dodge: Dodged            ||    24
